 Dungeon Crawl Stone Soup version 0.21-a0-1-gaf3b9a5 (webtiles) character file.

390 Gorglomux the Changer (level 6, -7/43 HPs)
             Began as a Barachi Transmuter on May 20, 2017.
             Mangled by an orc warrior
             ... wielding a +0 battleaxe
              (26 damage)
             ... on level 3 of the Dungeon.
             The game lasted 00:07:33 (3886 turns).

Gorglomux the Changer (Barachi Transmuter)          Turns: 3886, Time: 00:07:33

Health: -7/43      AC:  3    Str: 12    XL:     6   Next: 80%
Magic:  11/13      EV: 12    Int: 15    God:
Gold:   101        SH:  0    Dex: 12    Spells: 8/14 levels left

rFire    . . .     SeeInvis .     - Unarmed
rCold    . . .     Gourm    .   (no shield)
rNeg     . . .     Faith    .   b - +0 robe
rPois    .         Spirit   .   (no helmet)
rElec    .         Reflect  .   (no cloak)
rCorr    .         Harm     .   m - +0 pair of gloves
MR       .....                  (no boots)
Stlth    +.........             (no amulet)
Regen    0.2/turn               (no ring)
MPRegen  0.2/turn               (no ring)

@: slow
A: +LOS, swims, slowness 1, strong legs 1
a: Hop


You were on level 3 of the Dungeon.
You were not hungry.

You visited 1 branch of the dungeon, and saw 3 of its levels.
You also visited: Sewer.

You collected 101 gold pieces.

Inventory:

Missiles
 a - 9 arrows
 u - 2 curare-tipped needles
Armour
 b - a +0 robe (worn)
 m - a +0 pair of gloves (worn)
   (You found it on level 1 of the Dungeon)
Jewellery
 i - a cursed amulet of inaccuracy {unknown}
   (You found it on level 1 of the Dungeon)
 o - an uncursed ring of stealth {unknown}
   (You found it on level 1 of the Dungeon)
Scrolls
 e - a scroll of enchant weapon
 f - 2 scrolls of blinking {!r}
 h - a scroll of immolation {!r}
 s - 2 scrolls of teleportation
 t - a scroll of identify {unknown}
 x - a scroll of magic mapping {!r}
 y - a scroll of amnesia {unknown}
 A - a scroll of recharging {unknown}
 B - a scroll of random uselessness {unknown}
 E - a scroll of enchant armour {unknown}
Potions
 g - 5 potions of curing {unknown}
 j - 3 potions of heal wounds {unknown}
 l - 3 potions of flight {unknown}
 n - a potion of ambrosia {unknown}
 p - 2 potions of might {unknown}
 q - a potion of lignification {unknown}
 r - 5 potions of agility {unknown}
 z - a potion of brilliance {unknown}
 C - a potion of berserk rage {unknown}
Books
 c - a book of Changes
Comestibles
 d - 2 bread rations {@e1}
 k - 2 royal jellies
 v - a meat ration {@e2}
 w - 3 fruits
 D - 3 chunks of flesh {@w0}


   Skills:
 - Level 1.5 Fighting
 - Level 2.5 Dodging
 + Level 4.6 Unarmed Combat
 * Level 4.7 Spellcasting
 * Level 4.9 Transmutations


You had 8 spell levels left.
You knew the following spells:

 Your Spells              Type           Power        Failure   Level  Hunger
a - Beastly Appendage     Tmut           ###...       2%          1    None
c - Spider Form           Tmut/Pois      ##........   19%         3    ###....
s - Sticks to Snakes      Tmut           ###.....     3%          2    ##.....


Dungeon Overview and Level Annotations

Branches:
Dungeon (3/15)

Altars:


Innate Abilities, Weirdness & Mutations

Shadows flee at your approach. (+LOS)
You can swim through water.
You cover ground slowly.
You can hop short distances.


Message History

Unknown command.
A hobgoblin is nearby!
Unknown command.
You turn into a venomous arachnid creature.
Your +0 pair of gloves melds into your body.
Your +0 robe melds into your body.
You are feeling hungry.
Unknown command.
Unknown command.
The hobgoblin misses you.
Unknown command.
You bite the hobgoblin!
You kill the hobgoblin!
Unknown command.
No target in view!
No target in view!
Unknown command.
Eating one of 3 chunks of flesh {@w0}.
You eat one of the 3 chunks of flesh {@w0}.
E - a scroll labeled JUUXZAFARAUT Unknown command.
You open the door.
A frilled lizard comes into view.
There is an open door here.
Unknown command.
A frilled lizard is nearby!
Unknown command.
Your transformation is almost over.
Unknown command.
Unknown command.
Unknown command.
You hit the frilled lizard.
You kill the frilled lizard!
Unknown command.
No target in view!
Unknown command.
No target in view!
You see here a frilled lizard corpse.
You butcher the frilled lizard corpse.
D - 3 chunks of flesh {@w0} (gained 1)
You see here a frilled lizard skeleton.
Your transformation has ended.
Your +0 pair of gloves unmelds from your body.
Your +0 robe unmelds from your body.
As you open the door, it creaks loudly!
There is an open door here.
An orc wizard comes into view. It is wielding a dagger.
You see here 12 gold pieces.
Unknown command.
An orc wizard is nearby!
Unknown command.
You turn into a venomous arachnid creature.
Your +0 pair of gloves melds into your body.
Your +0 robe melds into your body.
A quokka and an orc warrior come into view.
The orc warrior shouts!
The orc wizard closely misses you.
An orc comes into view. It is wielding a hand axe.
The orc shouts!
You bite the orc wizard!
The orc wizard is poisoned.
The orc wizard closely misses you.
Unknown command.
Unknown command.
You hit the orc wizard. The orc wizard closely misses you.
An orc comes into view. It is wielding a mace.
You barely miss the orc wizard.
The orc shouts!
You kill the orc wizard!
You see here 12 gold pieces.
Your transformation is almost over.
Unknown command.
Your transformation has ended.
Your +0 pair of gloves unmelds from your body.
Your +0 robe unmelds from your body.
You turn into a venomous arachnid creature.
Your +0 pair of gloves melds into your body.
Your +0 robe melds into your body.
Your transformation is almost over.
The quokka completely misses you.
You barely miss the quokka. The quokka closely misses you.
You bite the quokka!
You kill the quokka!
There is an open door here.
You swing at nothing.
You hit the orc warrior but do no damage.
The orc warrior is poisoned.
The orc warrior hits you with a battleaxe!
Unknown command.
You closely miss the orc warrior.
You hit the orc warrior but do no damage.
The orc warrior looks as sick as possible!
Okay, then.
Your transformation has ended.
Your +0 pair of gloves unmelds from your body.
Your +0 robe unmelds from your body.
The orc warrior hits you with a battleaxe!
Okay, then.
The orc warrior hits you with a battleaxe!!
Ouch! That really hurt!
You die...

,,,,,,,,*####.......#....#......#
,,,,,,,,*#......###.###..#.......
,,,,,,,,*#.###### #..............
,,,,,,,,*#o# *####....#.###.
,,,,,,,,*#o# #....#.# ##
*********#.##############....####
* ####'#...........##..#.#... *
#........o................. *
#####......o.o@........#.#.#.#.
###..............###...).#...#.##
.................# #.....#....<#
.................# #..........###
,............##### #........>...#
,,...#.......# #.........##.#
**####.......#### ###.......##+#
#..........# ##...........
#......###.# #............


You could see an orc warrior and 2 orcs.

Vanquished Creatures
  3 big kobolds (Sewer)
  An orc wizard (D:3)
  4 adders
  An ooze (D:3)
  2 worms
  A dart slug (D:3)
  5 leopard geckos
  5 ball pythons
  11 bats
  8 giant cockroaches
  11 goblins
  8 hobgoblins
  7 jackals
  16 kobolds
  2 quokkas
  4 frilled lizards
  7 rats
96 creatures vanquished.

Vanquished Creatures (collateral kills)
  A leopard gecko (D:1)
  A rat (D:1)
2 creatures vanquished.

Grand Total: 98 creatures vanquished

Notes
Turn   | Place    | Note
-------+----------+-------------------------------------------
     0 | D:1      | Gorglomux the Barachi Transmuter began the quest for the Orb.
     0 | D:1      | Reached XP level 1. HP: 15/15 MP: 3/3
   120 | D:1      | Reached XP level 2. HP: 21/21 MP: 3/5
   196 | D:1      | Learned a level 2 spell: Sticks to Snakes
  1029 | D:1      | Reached XP level 3. HP: 26/26 MP: 4/6
  1034 | D:1      | Learned a level 3 spell: Spider Form
  2078 | D:2      | Reached skill level 3 in Spellcasting
  2078 | D:2      | Reached skill level 3 in Transmutations
  2078 | D:2      | Reached XP level 4. HP: 32/32 MP: 4/8
  2584 | D:2      | Reached skill level 4 in Unarmed Combat
  2978 | D:3      | Found a glowing drain.
  2997 | Sewer    | Entered a sewer
  3041 | Sewer    | Noticed a big kobold
  3050 | Sewer    | Killed a big kobold
  3050 | Sewer    | Reached skill level 4 in Transmutations
  3050 | Sewer    | Reached XP level 5. HP: 21/37 MP: 4/10
  3072 | Sewer    | HP: 9/37 [poisoned by a kobold]
  3368 | Sewer    | Noticed a big kobold
  3368 | Sewer    | Noticed a big kobold
  3379 | Sewer    | Killed a big kobold
  3379 | Sewer    | Reached skill level 4 in Spellcasting
  3379 | Sewer    | Reached XP level 6. HP: 37/43 MP: 2/12
  3855 | D:3      | Noticed an orc warrior
  3886 | D:3      | Mangled by an orc warrior

Vault maps used:
D:1:      dpeg_arrival_brainrot
D:2:      kennysheep_big_flooded_room, serial_bayou_pond_e
D:3:      portal_sewer_entry_a
Sewer:    kennysheep_pipe_town

Skill      XL: |  1  2  3  4  5 |
---------------+----------------+-----
Spellcasting   | 3 4 |  4.7
Transmutations | 3 4 |  4.9
Unarmed Combat | 4 |  4.6
Fighting       | |  1.5
Dodging        | |  2.5

Action                   |  1- 3 |  4- 6 || total
-------------------------+-------+-------++-------
Melee: Unarmed           |   145 |   171 ||   316
       Headbutt          |     7 |     1 ||     8
       Kick              |     7 |       ||     7
       Punch             |       |     1 ||     1
 Cast: Beastly Appendage |    21 |     3 ||    24
       Sticks to Snakes  |     3 |       ||     3
       Spider Form       |     8 |    28 ||    36
  Use: Scroll            |     3 |     2 ||     5
  Eat: Chunk             |     6 |    10 ||    16
Armor: Robe              |    28 |    21 ||    49
       Skin              |     2 |    13 ||    15
Dodge: Dodged            |   100 |   172 ||   272

Vault maps used:
D:1:      dpeg_arrival_brainrot
D:2:      kennysheep_big_flooded_room, serial_bayou_pond_e
D:3:      portal_sewer_entry_a
Sewer:    kennysheep_pipe_town

Table legend:
 A = Turns spent in this place as a percentage of turns spent in the entire game.
 B = Non-inter-level travel turns spent in this place as a percentage of non-inter-level travel turns spent in the entire game.
 C = Inter-level travel turns spent in this place as a percentage of turns spent in this place.
 D = Turns resting spent in this place as a percentage of non-inter-level travel turns spent in this place.
 E = Turns spent auto-exploring this place as a percentage of non-inter-level travel turns spent in this place.
 F = Non-inter-level travel turns spent in this place divided by the number of levels of this place that you've seen.
                   A       B       C       D       E      F
               +-------+-------+-------+-------+-------+----------------------
         Total | 100.0 | 100.0 |   0.2 |   4.1 |   8.3 | 389.2
       Dungeon |  83.9 |  83.9 |   0.2 |   4.1 |   8.3 | 435.3
         Sewer |  16.1 |  16.1 |   0.0 |   4.0 |   8.4 | 251.0
               +-------+-------+-------+-------+-------+----------------------

Table legend:
 A = Kills in this place as a percentage of kills in entire the game.
 B = Kills by you in this place as a percentage of kills by you in the entire game.
 C = Kills by friends in this place as a percentage of kills by friends in the entire game.
 D = Other kills in this place as a percentage of other kills in the entire game.
 E = Experience gained in this place as a percentage of experience gained in the entire game.
 F = Experience gained in this place divided by the number of levels of this place that you have seen.
                   A       B       C       D       E      F
               +-------+-------+-------+-------+-------+----------------------
         Total | 100.0 | 100.0 | 100.0 |  -nan | 100.0 | 139.5
       Dungeon |  75.5 |  75.0 | 100.0 |  -nan |  41.0 |  76.3
         Sewer |  24.5 |  25.0 |   0.0 |  -nan |  59.0 | 329.0
               +-------+-------+-------+-------+-------+----------------------
